 Dungeon Crawl Stone Soup version 0.19.0-19-g8c6edcc (webtiles) character file.

6652 Gargoyl the Cleaver (level 10, -2/79 HPs)
             Began as a Demonspawn Abyssal Knight on Nov 12, 2016.
             Was a High Priest of Lugonu.
             Slain by Minion's ghost (8 damage)
             ... on level 10 of the Dungeon.
             The game lasted 00:17:33 (11878 turns).

Gargoyl the Cleaver (Demonspawn Abyssal Knight)    Turns: 11878, Time: 00:17:34

Health: -2/79      AC: 21    Str: 17    XL:     10   Next: 73%
Magic:  16/16      EV:  7    Int: 15    God:    Lugonu [*****.]
Gold:   642        SH:  0    Dex: 17    Spells: 0 memorised, 9 levels left

rFire  . . .     SeeInvis .     B - +0 battleaxe (elec)
rCold  . . .     Gourm    .     E - +0 plate armour
rNeg   . . .     Faith    +     (shield currently unavailable)
rPois  +         Spirit   .     b - +1 helmet
rElec  .         Reflect  .     u - +0 cloak {MR+}
rCorr  .         Harm     .     y - +1 pair of gloves of the Gate {Dex+5}
MR     ++...                    (no boots)
Stlth  ..........               A - amulet of faith
                                (no ring)
                                s - ring of protection from magic

@: no status effects
A: fangs 1, talons 2, rugged brown scales 1, blink, blurry vision 2, clever 1,
nightstalker 1, poison resistance, slow regeneration 1
a: Blink, Depart the Abyss, Bend Space, Banish, Corrupt, Enter the Abyss,
Renounce Religion


You were on level 10 of the Dungeon.
You worshipped Lugonu.
Lugonu was extremely pleased with you.
You were not hungry.

You visited 1 branch of the dungeon, and saw 10 of its levels.
You visited the Abyss 1 time.

You collected 642 gold pieces.

Inventory:

Hand Weapons
 a - a +1 hand axe
 d - a +0 war axe
 B - a +0 battleaxe of electrocution (weapon)
Armour
 b - a +1 helmet (worn)
 u - a +0 cloak of magic resistance (worn)
 y - the +1 pair of gloves of the Gate (worn) {Dex+5}
   (You found it on level 5 of the Dungeon)

   It affects your dexterity (+5).
 E - a +0 plate armour (worn)
Jewellery
 s - a ring of protection from magic (left hand)
 A - an amulet of faith (around neck)
Wands
 f - a wand of slowing (24/48)
 l - a wand of paralysis (17/24)
 n - a wand of disintegration (11/24)
 q - a wand of flame (8/48)
 r - a wand of polymorph (7/24)
 t - a wand of flame (29/48)
Scrolls
 h - 4 scrolls of teleportation
 i - 4 scrolls of fear
 o - 5 scrolls of identify
 v - a scroll of amnesia {unknown}
 x - a scroll of remove curse
Potions
 e - a potion of cancellation {unknown}
 p - 3 potions of magic
 w - 2 potions of curing
 z - 2 potions of brilliance
Comestibles
 c - 6 bread rations
 j - 3 meat rations
 k - 6 fruits
 m - 4 beef jerkies


   Skills:
 + Level 6.9 Fighting
 + Level 9.3 Axes
 * Level 8.5 Armour
 + Level 3.0 Dodging
 * Level 8.7 Invocations
 + Level 0.2 Evocations


You had 9 spell levels left.
You didn't know any spells.

Dungeon Overview and Level Annotations

Branches:
Dungeon (10/15)            Temple (0/1) D:7
   Lair: D:8-11         Orc: D:9-12

Altars:
Dithmenos
Hepliaklqana
Okawaru
Qazlal
Uskayaw

Annotations:
D:10 Minion's ghost, journeyman VSFi; Snorg


Innate Abilities, Weirdness & Mutations

You are partially covered in rugged brown scales. (AC +1, +3% HP)
You are slightly more attuned to the shadows.
You have very sharp teeth.
You have razor-sharp toenails.
You can translocate small distances at will.
Scrolls take you longer to read.
Your mind is acute. (Int +2)
Your system is resistant to poisons. (rPois)
You regenerate slowly when monsters are visible.


Message History

You hit Minion's ghost. Minion's ghost hits you. Minion's ghost burns you.
Unknown command.
The helpless Snorg fails to defend herself.
You slice Snorg!! You bite Snorg.
Snorg is almost dead.
You barely miss Minion's ghost.
Snorg is no longer paralysed.
Snorg bites you. Snorg claws you but does no damage. x2
Minion's ghost hits you but does no damage.
Snorg bites you but does no damage. Snorg claws you! x2
You barely miss Snorg. You claw Snorg, but do no damage.
Snorg is almost dead.
You hit Minion's ghost but do no damage.
Snorg bites you!
* * * LOW HITPOINT WARNING * * *
Snorg claws you.
* * * LOW HITPOINT WARNING * * *
Snorg claws you!
* * * LOW HITPOINT WARNING * * *
Minion's ghost hits you!
You die...

.. ##...
.....
#####.....
#.........
#T@W......
#.<.......
#.........
#.........
#....$....
#.........
#.........
#...!.....
#.........


You could see Snorg (berserk) and Minion's ghost.

Vanquished Creatures
  Pikel (D:7)
  The ghost of feblizz the Chopper, a novice HuFi of Okawaru (D:5)
  Joseph (D:7)
  Maurice (D:9)
  A vampire (D:9)
  A wyvern (D:9)
  2 hungry ghosts (D:8)
  Menkaure (D:7)
  4 water moccasins
  An ice beast (D:9)
  3 sky beasts
  A black bear (D:7)
  A necrophage (D:9)
  8 ogres
  A phantom (D:5)
  2 centaurs
  6 bullfrogs
  A gnoll sergeant (D:6)
  A water moccasin zombie (D:7)
  3 scorpions
  3 killer bees (D:8)
  4 wights (D:7)
  A howler monkey (D:5)
  3 electric eels (D:7)
  3 crimson imps
  2 jellies
  A quasit (D:8)
  2 orc priests
  A centaur skeleton (D:8)
  2 bullfrog skeletons (D:4)
  6 hounds
  7 orc wizards
  Ijyb (D:3)
  Terence (D:2)
  2 iguanas
  7 worker ants
  2 worker ant zombies
  Robin (D:3)
  11 gnolls
  10 adders
  2 shadow imps (D:6)
  An ooze (D:5)
  An adder skeleton (D:9)
  A worm (D:3)
  4 dart slugs
  2 leopard geckos
  33 orcs
  8 bats
  5 giant cockroaches
  14 goblins
  8 hobgoblins
  16 jackals
  7 quokkas
  2 ball pythons
  A ball python skeleton (D:4)
  2 frilled lizards
  3 kobolds
  A leopard gecko skeleton (D:5)
  A leopard gecko zombie (D:7)
  7 rats
  A plant (D:7)
231 creatures vanquished.

Vanquished Creatures (others)
  A hungry ghost (D:8)
  An orc warrior (D:8)
2 creatures vanquished.

Grand Total: 233 creatures vanquished

Notes
Turn   | Place    | Note
-------+----------+-------------------------------------------
     0 | Abyss:1  | Gargoyl the Demonspawn Abyssal Knight began the quest for the Orb.
     0 | Abyss:1  | Reached XP level 1. HP: 18/18 MP: 2/2
    71 | Abyss:2  | Noticed a raiju
    72 | Abyss:2  | Noticed a raiju
    91 | Abyss:3  | Noticed a chaos spawn
    97 | Abyss:3  | Found a corrupted altar of Lugonu.
    97 | Abyss:3  | Noticed a cacodemon
    98 | Abyss:3  | Noticed a sixfirhy
    99 | D:1      | Escaped the Abyss
   263 | D:1      | Gained mutation: You are slightly more attuned to the shadows. [demonic ancestry]
   263 | D:1      | Reached XP level 2. HP: 18/24 MP: 4/4
   314 | D:1      | Reached * piety under Lugonu
   537 | D:1      | Reached skill level 2 in Axes
  1147 | D:2      | Noticed Terence
  1151 | D:2      | Killed Terence
  1151 | D:2      | Reached XP level 3. HP: 28/29 MP: 5/5
  1232 | D:2      | Reached skill level 1 in Dodging
  1294 | D:2      | Gained mutation: You are partially covered in rugged brown scales. (AC +1, +3% HP) [demonic ancestry]
  1294 | D:2      | Reached XP level 4. HP: 6/37 MP: 6/6
  2430 | D:3      | Noticed Ijyb
  2452 | D:3      | Killed Ijyb
  2452 | D:3      | Reached XP level 5. HP: 40/43 MP: 8/8
  2506 | D:3      | Reached ** piety under Lugonu
  2506 | D:3      | Reached skill level 3 in Axes
  3029 | D:3      | Noticed Robin
  3068 | D:3      | Killed Robin
  3488 | D:4      | Reached XP level 6. HP: 39/49 MP: 9/9
  4044 | D:4      | Reached skill level 4 in Axes
  4342 | D:5      | Entered Level 5 of the Dungeon
  4425 | D:5      | Reached XP level 7. HP: 53/55 MP: 10/10
  4598 | D:5      | Reached skill level 5 in Invocations
  4881 | D:5      | Noticed feblizz's ghost (novice HuFi)
  4890 | D:5      | Killed feblizz's ghost
  4890 | D:5      | Reached skill level 5 in Axes
  4890 | D:5      | Reached XP level 8. HP: 33/62 MP: 10/12
  5051 | D:5      | Reached *** piety under Lugonu
  5134 | D:5      | Found a hazy altar of Hepliaklqana.
  5180 | D:5      | Got a pair of faintly glowing gloves
  5186 | D:5      | Identified the +1 pair of gloves of the Gate {Dex+5} (You found it on level 5 of the Dungeon)
  5269 | D:5      | Reached skill level 5 in Armour
  5858 | D:5      | Reached skill level 5 in Fighting
  6210 | D:6      | Reached skill level 6 in Axes
  6736 | D:6      | Reached XP level 9. HP: 33/70 MP: 14/14
  6956 | D:6      | Found a hide-covered altar of Uskayaw.
  7529 | D:7      | Noticed Menkaure
  7533 | D:7      | Killed Menkaure
  7533 | D:7      | Reached skill level 7 in Axes
  7537 | D:7      | Reached **** piety under Lugonu
  7694 | D:7      | HP: 3/70 [electric eel/bolt of electricity (9)]
  7918 | D:7      | Gained mutation: You have very sharp teeth. [potion of mutation]
  7918 | D:7      | Gained mutation: Your mind is acute. (Int +2) [potion of mutation]
  7918 | D:7      | Gained mutation: Scrolls take you a little longer to read. [potion of mutation]
  7919 | D:7      | Gained mutation: Your system is resistant to poisons. (rPois) [potion of mutation]
  7919 | D:7      | Gained mutation: You have sharp toenails. [potion of mutation]
  7919 | D:7      | Gained mutation: Scrolls take you longer to read. [potion of mutation]
  7920 | D:7      | Gained mutation: You can translocate small distances at will. [potion of mutation]
  7920 | D:7      | Gained mutation: You have razor-sharp toenails. [potion of mutation]
  7920 | D:7      | Gained mutation: You regenerate slowly when monsters are visible. [potion of mutation]
  7923 | D:7      | Found a staircase to the Ecumenical Temple.
  7957 | D:7      | Got an ancient chain mail
  7960 | D:7      | Identified the +0 chain mail "Oluesez" {SInv} (You found it on level 7 of the Dungeon)
  7990 | D:7      | Found a shadowy altar of Dithmenos.
  7992 | D:7      | Noticed Joseph
  8006 | D:7      | Killed Joseph
  8523 | D:7      | Found an iron altar of Okawaru.
  8644 | D:7      | Noticed Pikel
  8655 | D:7      | Killed Pikel
  8655 | D:7      | Reached skill level 8 in Axes
  8655 | D:7      | Reached XP level 10. HP: 69/78 MP: 14/16
  8713 | D:7      | Found a stormy altar of Qazlal.
 10891 | D:9      | Noticed Maurice
 10904 | D:9      | Reached ***** piety under Lugonu
 10916 | D:9      | Killed Maurice
 11044 | D:9      | Reached skill level 9 in Axes
 11248 | D:10     | Entered Level 10 of the Dungeon
 11249 | D:10     | Noticed Snorg
 11868 | D:10     | Noticed Minion's ghost (journeyman VSFi)
 11878 | D:10     | Slain by Minion's ghost

Skill      XL: |  1  2  3  4  5  6  7  8  9 10 |
---------------+-------------------------------+-----
Axes           | 2 3 4 5 6 8 9 |  9.3
Armour         | 2 3 4 6 7 8 |  8.5
Invocations    | 3 4 5 6 8 |  8.7
Dodging        | 1 2 3 |  3.0
Fighting       | 4 5 6 |  6.9
Evocations     | |  0.2

Action                   |  1- 3 |  4- 6 |  7- 9 | 10-12 || total
-------------------------+-------+-------+-------+-------++-------
Melee: War axe           |    90 |   190 |       |       ||   280
       Battleaxe         |       |    30 |   265 |   270 ||   565
       Kick              |       |       |    12 |    87 ||    99
       Bite              |       |       |     4 |    28 ||    32
Invok: Depart the Abyss  |     1 |       |       |       ||     1
       Banish            |       |       |       |     2 ||     2
Evoke: Wand              |       |     1 |       |     2 ||     3
  Use: Potion            |       |     7 |     8 |     3 ||    18
       Scroll            |       |    10 |     5 |     3 ||    18
 Stab: Paralysed         |       |     6 |       |     9 ||    15
  Eat: Chunk             |     1 |    10 |    10 |     2 ||    23
       Fruit             |       |       |     7 |       ||     7
       Meat ration       |       |       |       |     2 ||     2
       Bread ration      |       |       |       |     2 ||     2
       Pizza             |       |       |       |     2 ||     2
Armor: Scale mail        |    64 |   157 |    62 |       ||   283
       Chain mail        |       |       |    39 |       ||    39
       Plate armour      |       |       |   120 |   228 ||   348
Dodge: Dodged            |    48 |   143 |   158 |   114 ||   463
